 Dungeon Crawl Stone Soup version 0.26-a0-652-gafc20e3620 (webtiles) character file.

Game seed: 17696057376939625651

148 marklar909 the Sneak (level 5, -15/28 HPs)
             Began as a Kobold Enchanter on Oct 3, 2020.
             Demolished by an orc
             ... wielding a +2 short sword of electrocution
              (20 damage)
             ... on level 3 of the Dungeon.
             The game lasted 00:06:55 (4914 turns).

marklar909 the Sneak (Kobold Enchanter)             Turns: 4914, Time: 00:06:57

Health: -15/28     AC:  3    Str:  6    XL:     5   Next: 56%
Magic:  8/8        EV: 15    Int: 17    God:
Gold:   96         SH:  0    Dex: 15    Spells: 3/9 levels left

rFire    . . .     SeeInvis .   a - +1 dagger
rCold    . . .     Faith    .   (shield restricted)
rNeg     . . .     Spirit   .   b - +0 robe
rPois    .         Reflect  .   (no helmet)
rElec    .         Harm     .   f - +0 cloak
rCorr    .         Rampage  .   (no gloves)
MR       .....                  (no boots)
Stlth    ++++......             (no amulet)
HPRegen  0.09/turn              (no ring)
MPRegen  0.11/turn              (no ring)

@: heavily drained
A: small, nightstalker 3
a: no special abilities


You were on level 3 of the Dungeon.
You visited 1 branch of the dungeon, and saw 3 of its levels.

You collected 96 gold pieces.

Inventory:

Hand Weapons
 a - a +1 dagger (weapon)
Armour
 b - a +0 robe (worn)
 f - a +0 cloak (worn)
Jewellery
 m - a +6 ring of dexterity {unknown}
Scrolls
 d - a scroll of identify
 g - a scroll of fog {unknown}
 h - a scroll of remove curse {unknown}
 j - 2 scrolls of teleportation {unknown}
 k - a scroll of noise {unknown}
 l - a scroll of blinking {unknown}
Potions
 c - a potion of stabbing
 e - 4 potions of curing {unknown}
 i - 2 potions of lignification {unknown}
 n - a potion of invisibility


   Skills:
 + Level 0.2(0.0) Fighting
 + Level 3.0(1.9) Short Blades
 + Level 3.1(2.0) Dodging
 + Level 6.1(4.9) Stealth
 + Level 2.5(1.4) Spellcasting
 + Level 3.5(2.4) Hexes
 + Level 0.3(0.0) Ice Magic


You had 3 spell levels left.
You knew the following spells:

 Your Spells              Type           Power        Failure   Level
a - Corona                Hex            #......      8%          1
b - Ensorcelled Hibernat  Hex/Ice        #.....       19%         2
c - Confusing Touch       Hex            #.......     22%         3

Your spell library contained the following spells:

 Spells                   Type           Power        Failure   Level
 Tukima's Dance           Hex            #.......     22%         3
 Dazzling Flash           Conj/Hex       #.....       36%         3


Dungeon Overview and Level Annotations

Branches:
Dungeon (3/15)

Altars:
Hepliaklqana
Uskayaw
Xom


Innate Abilities, Weirdness & Mutations

You are small and have problems with some larger weapons.
You are completely attuned to the shadows.


Message History

You barely miss the goblin.
The goblin is moderately wounded.
The goblin hits you with a +0 club.
You hit the goblin.
You kill the goblin!
The orc hits you with a +2 short sword of electrocution.
* * * LOW HITPOINT WARNING * * *
Things that are here:
a +0 club; a goblin corpse Unknown command.
You hit the orc but do no damage.
The orc is heavily wounded.
The orc barely misses you.
You closely miss the orc.
The orc is heavily wounded.
The orc hits you with a +2 short sword of electrocution.
* * * LOW HITPOINT WARNING * * *
You are electrocuted!!
Ouch! That really hurt!
You die...

# #..#.##.#
#########.#
#.##.##.# #.#
#.....#.# #.#
#..#..#.#
########.#
##.#....#
#...<<.#.# #...####
#.####.#.# ##..#
########.# #.#.##
#..#######......#.#
#.#..##
#.>....)...o@...#.#
##.....#
#...######.###..#.#
#......# #...#
#.###..#.# #.≈....#
#...#
#.(....#.###...≈.##
#...#
#..###.#.....≈.≈.#
#...# #.(#
#####.....#
####..###. #.#..##
#...(..... #...##
#.########## #.###


You could see an orc.

Vanquished Creatures
  5 adders (D:2)
  A worm (D:2)
  6 dart slugs
  5 leopard geckos
  4 giant cockroaches
  16 goblins
  5 hobgoblins
  10 jackals
  4 kobolds (D:2)
  2 quokkas (D:3)
  A ball python (D:1)
  8 bats
  4 frilled lizards (D:2)
  8 rats
79 creatures vanquished.

Notes
Turn   | Place    | Note
-------+----------+-------------------------------------------
     0 | D:1      | marklar909 the Kobold Enchanter began the quest for the
                  | Orb.
     0 | D:1      | Reached XP level 1. HP: 10/10 MP: 3/3
   686 | D:1      | Reached XP level 2. HP: 15/15 MP: 5/5
   703 | D:1      | Learned a level 2 spell: Ensorcelled Hibernation
  1127 | D:1      | Reached XP level 3. HP: 17/19 MP: 6/6
  2075 | D:1      | Learned a level 3 spell: Confusing Touch
  2235 | D:2      | Reached skill level 5 in Stealth
  2303 | D:2      | Reached XP level 4. HP: 20/24 MP: 2/7
  3050 | D:2      | Reached XP level 5. HP: 23/28 MP: 3/8
  4055 | D:2      | Found a hazy altar of Hepliaklqana.
  4056 | D:2      | Found a shimmering altar of Xom.
  4057 | D:2      | Noticed a spectral ugly thing
  4158 | D:2      | Reached skill level 6 in Stealth
  4328 | D:3      | Found a hide-covered altar of Uskayaw.
  4914 | D:3      | Demolished by an orc

Illustrated notes

Levels and vault maps discovered:
D:1:      nzn_arrival_depleted_hourglass, layout_loops_ring
D:2:      layout_loops_cross, regret_index_temple_of_mockery,
          serial_co_window_serial, co_window_paths_b, co_window_paths_a,
          co_window_paths_a, co_window_paths_b, co_window_corner_a,
          co_window_of_opportunity_a, co_window_broadway_b, co_window_corner_b,
          co_window_broadway_a, co_window_4corner_b, glass_columns_a,
          glass_columns_a, glass_columns_a, glass_columns_c,
          hangedman_decor_clover_reticule, hangedman_decor_riveting
D:3:      minmay_bubble_buster, layout_basic, lemuel_crystal_altar,
          serial_rivers, chequers_serial_rivers_micro_c,
          chequers_serial_rivers_marsh, chequers_serial_rivers_room_a,
          chequers_serial_rivers_small_b, uniq_robin

Skill      XL: |  1  2  3  4  5 |
---------------+----------------+-----
Short Blades   | 2 3 |  3.0
Stealth        | 5 6 |  6.1
Dodging        | 3 |  3.1
Fighting       | |  0.2
Spellcasting   | |  2.5
Hexes          | |  3.5
Ice Magic      | |  0.3

Action                   |  1- 3 |  4- 6 || total
-------------------------+-------+-------++-------
Melee: Dagger            |   123 |   171 ||   294
 Cast: Ensorcelled Hiber |     5 |    21 ||    26
  Use: Scroll            |     1 |       ||     1
 Stab: Sleeping          |    16 |    25 ||    41
       Distracted        |       |     1 ||     1
Armor: Robe              |     8 |    21 ||    29
Dodge: Dodged            |    81 |   111 ||   192

Table legend: (Time is in decaauts)
 A = Elapsed time spent in this place.
 B = Non-inter-level travel time spent in this place.
 C = Inter-level travel time spent in this place.
 D = Time resting spent in this place.
 E = Time spent auto-exploring this place.
 F = Levels seen in this place.
 G = Mean time per level.
                   A        B        C        D        E       F      G
               +--------+--------+--------+--------+--------+-----+--------+
         Total |   4886 |   4794 |     92 |   1611 |   2230 |   3 | 1628.7 |
       Dungeon |   4886 |   4794 |     92 |   1611 |   2230 |   3 | 1628.7 |
               +--------+--------+--------+--------+--------+-----+--------+

Top non-repeatable levels by time:
     D:1: 2230 daAuts
     D:2: 1934 daAuts
     D:3: 722 daAuts
